 Dungeon Crawl Stone Soup version 0.28.0 (webtiles) character file.

Game seed: 1648489967585131201

440 AmazingTV the Covert (level 6, -6/30 HPs)
             Began as a Spriggan Brigand on Mar 26, 2024.
             Mangled by a phantom (7 damage)
             ... on level 4 of the Dungeon.
             The game lasted 00:09:25 (3722 turns).

AmazingTV the Covert (Spriggan Brigand)             Turns: 3722, Time: 00:09:26

Health: -6/30      AC:  3    Str:  9    XL:     6   Next: 70%
Magic:  7/7        EV: 16    Int: 13    God:
Gold:   107        SH:  0    Dex: 16    Spells: 5/5 levels left

rFire   . . .      SeeInvis +   a - +1 short sword (venom) {short}
rCold   . . .      Faith    .   (no shield)
rNeg    . . .      Spirit   .   b - +0 robe
rPois   .          Reflect  .   (helmet restricted)
rElec   .          Harm     .   c - +0 cloak
rCorr   .          Rampage  .   (gloves unavailable)
Will    +....                   (boots unavailable)
Stlth   +++++.....              (no amulet)
HPRegen 0.10/turn               p - ring of flight
MPRegen 0.10/turn               (no ring)

@: flying, hasted, very quick
A: very small, no large weapons, unfitting armour, see invisible, speed 3
a: no special abilities


You were on level 4 of the Dungeon.
You visited 1 branch of the dungeon, and saw 4 of its levels.

You collected 107 gold pieces.


Innate Abilities, Weirdness & Mutations

You are very small and have problems with some larger weapons.
You are too small for most types of armour.
You have supernaturally acute eyesight. (SInv)
You cover ground extremely quickly. (Speed+++)


   Skills:
 - Level 1.5 Fighting
 + Level 4.8 Short Blades
 - Level 2.0 Throwing
 - Level 1.3 Dodging
 * Level 10.7 Stealth


You had 5 spell levels left.
You didn't know any spells.
Your spell library was empty.

Inventory:

Hand Weapons
 a - a +1 short sword of venom (weapon) {short}
   (You took it off a kobold on level 1 of the Dungeon)
 i - a +2 dagger {short}
Missiles
 d - 15 poisoned darts (quivered)
 e - 5 curare-tipped darts {=f}
 h - 101 sling bullets
 l - 103 stones
 t - 2 boomerangs
 y - 19 bolts
Armour
 b - a +0 robe (worn)
 c - a +0 cloak (worn)
Magical Staves
 j - a staff of death {!astaff}
   (You found it on level 1 of the Dungeon)
 r - a staff of earth {!astaff}
   (You found it on level 2 of the Dungeon)
Jewellery
 p - a ring of flight (left hand)
   (You found it on level 2 of the Dungeon)
Scrolls
 f - 3 scrolls of identify {unknown}
 k - a scroll of vulnerability {unknown}
 m - a scroll of fear {unknown}
 o - a scroll of torment {unknown}
 q - a scroll of enchant weapon {unknown}
 v - a scroll of silence {unknown}
 w - 2 scrolls of teleportation {unknown}
Potions
 g - a potion of haste {@q3}
 n - a potion of mutation {unknown}
 s - a potion of curing {unknown}
 u - a potion of degeneration {unknown}
 x - a potion of heal wounds {unknown}

Dungeon Overview and Level Annotations

Branches:
Dungeon (4/15)
 Temple: D:4-7

Altars:
Ru

#..≈≈≈#..<......#
#...≈.#.?.......#
##..###.(########
######..###....#
#..:!....#
#......##.##
#......# .#
#####..##.#
#..@.# ##W....#
##...## #####


You could see a phantom.


Message History

You throw a poisoned dart. The poisoned dart hits the ogre.
There is an open door here.
There is an open door here.
You throw a poisoned dart.
The poisoned dart closely misses the ogre.
You hear a splash.
You throw a poisoned dart. The poisoned dart hits the ogre.
The ogre looks even sicker.
You hear a splash.
You throw a poisoned dart. The poisoned dart hits the ogre.
The ogre looks as sick as possible!
You hear a splash. 😕 HP[+1]
You hit the ogre.
The ogre looks as sick as possible!
The ogre misses you.
You hit the ogre but do no damage.
The ogre looks as sick as possible!
You punch the ogre.
You kill the ogre!
You hear a splash.
You start resting. 😎 HP[+5]
Your hp is fully restored (30).
d - 11 poisoned darts (gained 2)
There is an open door here.
d - 12 poisoned darts (gained 1)
d - 13 poisoned darts (gained 1)
d - 14 poisoned darts (gained 1)
d - 15 poisoned darts (gained 1)
An iguana is nearby!
The iguana hisses angrily.
The iguana barely misses you.
You hit the iguana.
The iguana is poisoned.
You hit the iguana.
The iguana looks as sick as possible!
The iguana closely misses you.
An iguana comes into view.
You barely miss the iguana. You hit the iguana but do no damage.
The iguana looks as sick as possible!
The iguana closely misses you.
You barely miss the iguana.
The iguana bites you but does no damage.
You kill the iguana!
The iguana bites you but does no damage.
You hit the iguana but do no damage.
The iguana is poisoned.
The iguana closely misses you.
You closely miss the iguana. The iguana completely misses you.
An iguana is nearby!
You hit the iguana.
The iguana looks even sicker.
The iguana bites you! 😮 HP[-12]
You take 12 damage, and now have 18/30 hp.
MASSIVE DAMAGE!! (PAUSE) 😮 HP[+1]
You are too injured to fight recklessly!
Unknown command.
Throw: 15 darts (poison)
Press: ? - help, Q - select action, (/) - cycle Shift-Dir - straight line, f - iguana
Aim: an iguana (severely wounded, very poisoned, 64% to hit)
You throw a poisoned dart. The poisoned dart hits the iguana.
You kill the iguana!
d - 15 poisoned darts (gained 1)
f - 3 scrolls labelled XAAQOYREDE (gained 1)
A phantom comes into view.
You see here a scroll labelled UBEODW TOTH. 😎 HP[+11]
Your hp is fully restored (30).
A phantom is nearby!
You see here 16 stones.
You see here a grey potion.
The phantom hits you.
The phantom blinks!
You blink. 😕 HP[-3]
You take 3 damage, and now have 27/30 hp.
You hit the phantom. The phantom closely misses you.
You closely miss the phantom. You hit the phantom.
The phantom barely misses you.
You barely miss the phantom. The phantom hits you. 😮 HP[-6]
You take 6 damage, and now have 21/30 hp.
You hit the phantom but do no damage. The phantom hits you!
* * * LOW HITPOINT WARNING * * *
The phantom blinks!
You blink. 😨 HP[-7]
You take 7 damage, and now have 14/30 hp.
MASSIVE DAMAGE!! (PAUSE)
You are too injured to fight recklessly!
You are too injured to fight recklessly!
You miss the phantom. The phantom hits you!
* * * LOW HITPOINT WARNING * * *
The phantom blinks!
You blink. 😱 HP[-7]
You take 7 damage, and now have 7/30 hp.
MASSIVE DAMAGE!! (PAUSE)
You hit the phantom.
The phantom hits you but does no damage.
You miss the phantom. The phantom hits you.
* * * LOW HITPOINT WARNING * * *
😱 HP[-6]
You take 6 damage, and now have 1/30 hp.
It was a potion of haste.
You feel yourself speed up. The phantom hits you!
You die...

Skill      XL: |  1  2  3  4  5 |
---------------+----------------+-----
Stealth        | 6 7 8 10 | 10.7
Short Blades   | 3 4 |  4.8
Fighting       | |  1.5
Throwing       | |  2.0
Dodging        | |  1.3

Action                   |  1- 3 |  4- 6 || total
-------------------------+-------+-------++-------
Melee: Dagger            |    14 |       ||    14
       Short sword       |    58 |    96 ||   154
       Punch             |     1 |     2 ||     3
Throw: Dart              |       |    14 ||    14
  Use: Potion            |       |     1 ||     1
 Stab: Sleeping          |    22 |    13 ||    35
Armor: Robe              |     5 |    15 ||    20
Dodge: Dodged            |    48 |    64 ||   112

Levels and vault maps discovered:
D:1:      arrival_aquarium_b, layout_basic, shapermc_ecumenical_altar_gd
D:2:      layout_basic
D:3:      layout_rooms, lemuel_tele_altar, kennysheep_generic_room_7,
          uniq_crazy_yiuf_cottage
D:4:      layout_gridville, fedhas_altar_fruit_tree, serial_rivers,
          chequers_serial_rivers_marsh, chequers_serial_rivers_small_a,
          chequers_serial_rivers_micro_a, chequers_serial_rivers_room_b,
          chequers_serial_rivers_marsh, grunt_decor_one_mirror

Notes
Turn   | Place    | Note
-------+----------+-------------------------------------------
     0 | D:1      | AmazingTV the Spriggan Brigand began the quest for the Orb.
     0 | D:1      | Reached XP level 1. HP: 10/10 MP: 2/2
     0 | D:1      | magus.rc [v1.9.6]
     3 | D:1      | Noticed an electric eel
     4 | D:1      | Noticed an electric eel
    52 | D:1      | Reached skill level 6 in Stealth
    62 | D:1      | Found a faded altar of an unknown god.
   310 | D:1      | Reached XP level 2. HP: 14/14 MP: 3/3
  1133 | D:2      | Reached skill level 7 in Stealth
  1169 | D:2      | Reached XP level 3. HP: 16/18 MP: 4/4
  1452 | D:2      | Reached skill level 3 in Short Blades
  1669 | D:2      | Reached XP level 4. HP: 22/22 MP: 5/5
  1998 | D:3      | Found a sacrificial altar of Ru.
  2057 | D:3      | Reached skill level 8 in Stealth
  2518 | D:3      | Found a runed translucent door.
  2519 | D:3      | Noticed Crazy Yiuf
  2639 | D:3      | HP: 2/22 [Crazy Yiuf (13)]
  2658 | D:3      | Killed Crazy Yiuf
  2659 | D:3      | Reached XP level 5. HP: 3/25 MP: 6/6
  2985 | D:4      | Reached skill level 9 in Stealth
  3132 | D:4      | Reached skill level 4 in Short Blades
  3348 | D:4      | Identified the +0 kite shield "Javvunga" {rN+++ Int-2
                  | Slay-2 Stlth+}
  3376 | D:4      | Noticed an ogre
  3400 | D:4      | Killed an ogre
  3401 | D:4      | Reached skill level 10 in Stealth
  3401 | D:4      | Reached XP level 6. HP: 30/30 MP: 7/7
  3719 | D:4      | HP: 7/30 [phantom (7)]
  3721 | D:4      | HP: 1/30 [phantom (6)]
  3722 | D:4      | Mangled by a phantom

Vanquished Creatures
  2 ogres (D:4)
  Crazy Yiuf (D:3)
  A hound (D:4)
  A centaur skeleton (D:4)
  2 iguanas (D:4)
  A hound zombie (D:3)
  5 adders
  A dart slug (D:2)
  An orc (D:3)
  6 ball pythons
  6 endoplasms
  A giant cockroach (D:1)
  6 hobgoblins
  3 jackals (D:4)
  7 quokkas
  11 bats
  5 frilled lizards
  7 goblins
  6 kobolds
  4 rats
77 creatures vanquished.

Table legend:
 A = Non-vault XP
 B = Vault XP
 C = Vault XP percentage of total XP
 D = Non-vault monster count
 E = Vault monster count
 F = Vault count percentage of total count
                 A         B        C        D         E       F
            +---------+---------+-------+---------+---------+-------
      Total |     583 |      46 |   7.3 |      73 |       4 |   5.2
            +---------+---------+-------+---------+---------+-------
        D:1 |      35 |       0 |   0.0 |      22 |       0 |   0.0
        D:2 |      63 |       0 |   0.0 |      17 |       0 |   0.0
        D:3 |      70 |      46 |  39.7 |      16 |       4 |  20.0
        D:4 |     415 |       0 |   0.0 |      18 |       0 |   0.0
            +---------+---------+-------+---------+---------+-------

Illustrated notes

Table legend:
 A = Kills in this place as a percentage of kills in entire the game.
 B = Kills by you in this place as a percentage of kills by you in the entire game.
 C = Kills by friends in this place as a percentage of kills by friends in the entire game.
 D = Other kills in this place as a percentage of other kills in the entire game.
 E = Experience gained in this place as a percentage of experience gained in the entire game.
 F = Experience gained in this place divided by the number of levels of this place that you have seen.
                   A       B       C       D       E      F
               +-------+-------+-------+-------+-------+----------------------
         Total | 100.0 | 100.0 |   N/A |   N/A | 100.0 | 157.2
       Dungeon | 100.0 | 100.0 |   N/A |   N/A | 100.0 | 157.2
               +-------+-------+-------+-------+-------+----------------------

Table legend: (Time is in decaauts)
 A = Elapsed time spent in this place.
 B = Non-inter-level travel time spent in this place.
 C = Inter-level travel time spent in this place.
 D = Time resting spent in this place.
 E = Time spent auto-exploring this place.
 F = Levels seen in this place.
 G = Mean time per level.
                   A        B        C        D        E       F      G
               +--------+--------+--------+--------+--------+-----+--------+
         Total |   2809 |   2753 |     56 |    920 |   1360 |   4 |  702.2 |
       Dungeon |   2809 |   2753 |     56 |    920 |   1360 |   4 |  702.2 |
               +--------+--------+--------+--------+--------+-----+--------+

Top non-repeatable levels by time:
     D:1: 860 daAuts
     D:3: 785 daAuts
     D:4: 610 daAuts
     D:2: 554 daAuts
